 Dungeon Crawl Stone Soup version 0.29.1-2-gbd0b4ee654 (webtiles) character file.

Game seed: 14318651629079840387

1258 KittyFluff the Twirler (level 8, -6/73 HPs)
             Began as a Gargoyle Berserker on Oct 31, 2022.
             Was a Believer of Trog.
             Mangled by a yak (13 damage)
             ... on level 5 of the Dungeon.
             The game lasted 00:19:17 (5190 turns).

KittyFluff the Twirler (Gargoyle Berserker)         Turns: 5190, Time: 00:19:17

Health: -6/73      AC: 10    Str: 21    XL:     8   Next: 51%
Magic:  8/8        EV: 12    Int:  8    God:    Trog [**....]
Gold:   258        SH:  0    Dex: 11    Spells: 7/7 levels left

rFire   . . .      SeeInvis .   h - +0 quarterstaff
rCold   . . .      Faith    .   (shield currently unavailable)
rNeg    + . .      Spirit   .   b - +0 animal skin
rPois   ∞          Reflect  .   j - +0 helmet
rElec   +          Harm     .   (no cloak)
rCorr   .          Rampage  .   (no gloves)
Will    .....                   w - +0 pair of boots
Stlth   ..........              (no amulet)
HPRegen 0.22/turn               (no ring)
MPRegen 0.11/turn               (no ring)

@: berserking (expiring), very quick
A: sickness immunity, AC +5, negative energy resistance 1, electricity
resistance, torment resistance 1, petrification resistance
a: Renounce Religion, Berserk, Trog's Hand


You were on level 5 of the Dungeon.
You worshipped Trog.
Trog was pleased with you.
You visited 1 branch of the dungeon, and saw 5 of its levels.

You collected 285 gold pieces.
You spent 27 gold pieces at shops.

Inventory:

Hand Weapons
 a - a +0 mace
 h - a +0 quarterstaff (weapon)
Missiles
 k - 7 poisoned darts
 u - 7 boomerangs (quivered)
 v - a throwing net
Armour
 b - a +0 animal skin (worn)
 j - a +0 helmet (worn)
 r - a +0 leather armour
 w - a +0 pair of boots (worn)
Jewellery
 o - a ring of fire
 x - an amulet of magic regeneration
Wands
 p - a wand of charming (4)
Scrolls
 e - 2 scrolls of poison {unknown}
 f - a scroll of magic mapping {unknown}
 m - a scroll of noise {unknown}
 n - 3 scrolls of summoning {unknown}
 s - a scroll of blinking {unknown}
 t - 2 scrolls of amnesia {unknown}
 y - 2 scrolls of teleportation {unknown}
 z - a scroll of immolation {unknown}
Potions
 c - a potion of ambrosia
 d - a potion of curing
 g - a potion of attraction
 i - a potion of heal wounds
 l - a potion of mutation {unknown}
 q - 2 potions of lignification


   Skills:
 + Level 5.1 Fighting
 + Level 3.9(5.8) Maces & Flails
 * Level 6.6(7.2) Staves
 * Level 1.4 Throwing
 * Level 5.0 Armour
 + Level 3.1 Dodging
 + Level 1.0 Stealth


You had 7 spell levels left.
You didn't know any spells.
Your spell library was empty.

Dungeon Overview and Level Annotations

Branches:
Dungeon (5/15)             Temple (0/1) D:4

Altars:
Nemelex Xobeh
Okawaru
Qazlal

Shops:
D:4 (   D:5 *


Innate Abilities, Weirdness & Mutations

You are immune to sickness and miasma.
Your stone body is resilient. (AC +5)
You are immune to poison.
You resist negative energy. (rN+)
You are resistant to electric shocks. (rElec)
You are resistant to unholy torment.
You are immune to petrification.


Message History

The yak is moderately wounded.
You hit the yak.
The yak is moderately wounded.
You closely miss the yak. You sock the yak!
The yak is heavily wounded.
You hit the yak.
The yak is heavily wounded.
The yak gores you.
* * * LOW HITPOINT WARNING * * *
You sock the yak!
The yak is almost dead.
The yak barely misses you.
You closely miss the yak.
The yak is almost dead.
You barely miss the yak.
The yak is almost dead.
The yak barely misses you.
You sock the yak!
You feel the power of Trog in you as your rage grows.
You kill the yak!
Trog accepts your kill.
Your Armour skill increases to level 5!
You sock the adder!
You kill the adder!
Trog accepts your kill.
You sock the yak!
The yak is severely wounded.
The yak gores you!
* * * LOW HITPOINT WARNING * * *
You sock the yak!
The yak is almost dead.
You barely miss the yak.
The yak is almost dead.
The yak gores you.
* * * LOW HITPOINT WARNING * * *
You completely miss the yak.
The yak is almost dead.
The yak gores you!
You die...

..# ..# ..# #.# #.# ##.#
#Y.# ###### #Y##
.....###@#####
....#.......# .
#..#.#.###.## #
....#..#.#.###..## ########
.................###.......
..#.##.#.##.##.........####
...#.........###.>.# #
..#######.###### ##### ..#
#.#


You could see 2 yaks.

Vanquished Creatures
  Grinder (D:3)
  2 yaks (D:5)
  A black bear (D:3)
  The ghost of quakins the Ruffian, an amateur TrTm (D:3)
  A centaur (D:5)
  A necrophage (D:4)
  A howler monkey (D:4)
  A hound (D:4)
  Ijyb (D:3)
  An iguana (D:4)
  Natasha (thrice) (D:3)
  Robin (D:3)
  7 adders
  4 gnolls (D:3)
  3 hound simulacra (D:3)
  2 worms (D:2)
  3 dart slugs
  2 orcs
  6 ball pythons
  A bat (D:1)
  9 endoplasms
  5 giant cockroaches
  5 hobgoblins
  4 jackals
  4 quokkas
  3 training dummies (D:4)
  4 frilled lizards
  A giant cockroach simulacrum (D:3)
  17 goblins
  2 jackal simulacra (D:3)
  10 kobolds
  8 rats
115 creatures vanquished.

Notes
Turn   | Place    | Note
-------+----------+-------------------------------------------
     0 | D:1      | KittyFluff the Gargoyle Berserker began the quest for the
                  | Orb.
     0 | D:1      | Reached XP level 1. HP: 14/14 MP: 1/1
   319 | D:1      | Reached XP level 2. HP: 19/19 MP: 2/2
   582 | D:1      | Reached XP level 3. HP: 19/24 MP: 3/3
   654 | D:1      | Found a faded altar of an unknown god.
  1137 | D:2      | Reached XP level 4. HP: 21/29 MP: 4/4
  1912 | D:3      | Found a runed translucent gate.
  1917 | D:3      | Found a runed translucent gate.
  2054 | D:3      | Reached skill level 1 in Staves
  2147 | D:3      | Noticed Robin
  2157 | D:3      | Reached ** piety under Trog
  2191 | D:3      | Killed Robin
  2192 | D:3      | Reached XP level 5. HP: 10/33 MP: 5/5
  2556 | D:3      | Noticed Grinder
  2943 | D:3      | Killed Grinder
  2944 | D:3      | Reached skill level 3 in Staves
  2944 | D:3      | Reached XP level 6. HP: 7/39 MP: 6/6
  3043 | D:3      | Noticed Natasha
  3216 | D:3      | Killed Natasha
  3234 | D:3      | Noticed Natasha
  3408 | D:3      | Killed Natasha
  3409 | D:3      | Reached skill level 4 in Staves
  3591 | D:3      | Found a runed translucent gate.
  3622 | D:3      | Reached XP level 7. HP: 44/44 MP: 7/7
  3633 | D:3      | Noticed quakins's ghost (amateur TrTm)
  3633 | D:3      | Noticed Ijyb
  3641 | D:3      | Killed quakins's ghost
  3743 | D:3      | Killed Ijyb
  3794 | D:3      | Noticed Natasha
  3803 | D:3      | Killed Natasha
  4058 | D:3      | Found a stormy altar of Qazlal.
  4186 | D:3      | Reached skill level 5 in Staves
  4431 | D:4      | Reached skill level 1 in Stealth
  4470 | D:4      | Found an iron altar of Okawaru.
  4489 | D:4      | Found a sparkling altar of Nemelex Xobeh.
  4491 | D:4      | Found Fizaorag's Firing Range.
  4500 | D:4      | Bought 5 boomerangs for 27 gold pieces
  4506 | D:4      | Reached XP level 8. HP: 48/48 MP: 8/8
  4515 | D:4      | Reached *** piety under Trog
  4794 | D:4      | Found a staircase to the Ecumenical Temple.
  4916 | D:5      | Entered Level 5 of the Dungeon
  4936 | D:5      | Found Lazunoef's Assorted Antiques.
  5160 | D:5      | Noticed a yak
  5161 | D:5      | Noticed a yak
  5161 | D:5      | Noticed a yak
  5164 | D:5      | Noticed a yak
  5173 | D:5      | Killed a yak
  5174 | D:5      | Reached skill level 5 in Fighting
  5174 | D:5      | Reached skill level 6 in Staves
  5174 | D:5      | Reached skill level 1 in Throwing
  5185 | D:5      | Killed a yak
  5186 | D:5      | Reached skill level 5 in Armour
  5190 | D:5      | Mangled by a yak

Illustrated notes

Levels and vault maps discovered:
D:1:      zelgadis_glass_arrival_small, layout_loops_ring,
          shapermc_ecumenical_altar_notcrosses
D:2:      layout_rooms
D:3:      layout_basic, old_standard_altar, gammafunk_ghost_icy, st_stairs_4,
          interstate_on_off, uniq_natasha, uniq_robin, uniq_ijyb, uniq_grinder
D:4:      layout_rooms, kennysheep_little_box, mainiacjoe_overflow_tiny_flanked,
          minmay_temple_entry_mini_moons, nicolae_shop_firing_range
D:5:      layout_loops_cross, serial_shops, shop

Skill      XL: |  1  2  3  4  5  6  7  8 |
---------------+-------------------------+-----
Staves         | 1 3 4 5 6 |  6.6
Armour         | 3 4 5 |  5.0
Fighting       | 4 5 |  5.1
Dodging        | 2 3 |  3.1
Stealth        | 1 |  1.0
Throwing       | 1 |  1.4
Maces & Flails | |  3.9

Action                   |  1- 3 |  4- 6 |  7- 9 || total
-------------------------+-------+-------+-------++-------
Melee: Mace              |    70 |       |       ||    70
       Punch             |     2 |       |       ||     2
       Quarterstaff      |     8 |   155 |   152 ||   315
Throw: Dart              |       |     6 |       ||     6
Invok: Berserk           |     1 |     4 |     4 ||     9
  Use: Scroll            |     3 |     2 |     2 ||     7
Armor: Animal skin       |    28 |    45 |    70 ||   143
Dodge: Dodged            |    48 |    74 |    89 ||   211
